 Dungeon Crawl Stone Soup version 0.30-a0-912-ge10d75a369 (webtiles) character file.

Game seed: 12062060517136572510

149 Grim the Chopper (level 5, -1/45 HPs)
             Began as a Minotaur Berserker on Mar 19, 2023.
             Was a Follower of Trog.
             Killed from afar by Sigmund (8 damage)
             ... with a puff of flame
             ... on level 2 of the Dungeon.
             The game lasted 00:03:18 (1928 turns).

Grim the Chopper (Minotaur Berserker)               Turns: 1928, Time: 00:03:19

Health: -1/45      AC:  2    Str: 21    XL:     5   Next: 9%
Magic:  4/4        EV: 12    Int:  4    God:    Trog [*.....]
Gold:   114        SH:  0    Dex: 12    Spells: 4/4 levels left

rFire   . . .      SeeInvis .    a - +0 hand axe
rCold   . . .      Faith    .    (no shield)
rNeg    . . .      Spirit   .    e - +0 animal skin
rPois   .          Reflect  .    (helmet restricted)
rElec   .          Rampage  .    (no cloak)
rCorr   .                        (no gloves)
Will    .....                    (no boots)
Stlth   +                        (no amulet)
HPRegen 0.27/turn                (no ring)
MPRegen 0.09/turn                (no ring)

@: on berserk cooldown, slowed, very slow
A: horns 2, retaliatory headbutt
a: Renounce Religion, Berserk


You were on level 2 of the Dungeon.
You worshipped Trog.
Trog was aware of your devotion.
You visited 1 branch of the dungeon, and saw 2 of its levels.

You collected 114 gold pieces.

Inventory:

Hand Weapons
 a - a +0 hand axe (weapon)
 b - a +0 sling
Armour
 e - a +0 animal skin (worn)
 j - a +0 cloak
Scrolls
 d - a scroll of identify {unknown}
 f - a scroll of poison {unknown}
 i - a scroll of vulnerability {unknown}
 l - a scroll of immolation {unknown}
 n - a scroll of torment {unknown}
 p - a scroll of fear {unknown}
Potions
 c - 2 potions of degeneration {unknown}
 g - a potion of invisibility {unknown}
 h - a potion of lignification {unknown}
 k - a potion of heal wounds {unknown}
 m - a potion of attraction {unknown}
 o - 2 potions of resistance {unknown}


   Skills:
 - Level 3.6 Fighting
 + Level 5.7 Axes
 + Level 3.4 Ranged Weapons
 - Level 2.4 Armour
 - Level 2.1 Dodging


You had 4 spell levels left.
You didn't know any spells.
Your spell library was empty.

Dungeon Overview and Level Annotations

Branches:
Dungeon (2/15)

Altars:

Annotations:
D:2 Sigmund


Innate Abilities, Weirdness & Mutations

You have a pair of horns on your head.
You reflexively headbutt those who attack you in melee.


Message History

a - a +0 hand axe (weapon)
Sigmund casts a spell at you. The magic dart hits you.
A red film seems to cover your vision as you go berserk!
You feel yourself moving faster!
You feel mighty! Sigmund casts a spell at you. The puff of flame hits you!
You feel a strong urge to attack something.
Sigmund mumbles some strange words.
Sigmund flickers and vanishes!
Deactivating autopickup; reactivate with Ctrl-A.
You barely miss something.
You hear some strange, mumbled words.
You are confused.
You're too confused to move!
You feel a strong urge to attack something.
You hear some strange, mumbled words.
Something tries to affect you, but you resist.
You bump into the stone wall.
You are no longer berserk.
You are exhausted.
You feel yourself slow down. Something hits you!
* * * LOW HITPOINT WARNING * * *
Something hits you but does no damage.
You feel less confused. Something hits you.
* * * LOW HITPOINT WARNING * * *
Something hits you.
* * * LOW HITPOINT WARNING * * *
Something hits you but does no damage.
You completely miss something. Your headbutt misses something.
Something hits you.
* * * LOW HITPOINT WARNING * * *
You hit something. You headbutt something. Something hits you.
* * * LOW HITPOINT WARNING * * *
You barely miss something.
You hear some strange, mumbled words.
A puff of flame appears from out of thin air!
The puff of flame hits you!
You die...

#.......[#..........######
#.###........#...........# #.#
#....#...#.......###.###
####.###.†...#.###.#....# #...#
#......†##......#...#...#####.#
#........#......#........## #.###
#.........#....)....#.....# #.>.#
#.................#####.#.###....
#.........######@{..#...........#
#..)......# #........#........
#.........# ##...#####..###.##
..........# ..### ###..# #..#
..........#### .## ##...## #..#
..........##.. . #..#.# #...
#............##### ##.##.# #...
#.........##.....####..#..## #...
##.........#.###.##........# #...


There were no monsters in sight!

Vanquished Creatures
  Natasha (thrice) (D:2)
  2 adders (D:2)
  A worm (D:1)
  3 dart slugs
  4 endoplasms
  5 giant cockroaches
  4 goblins
  3 hobgoblins
  3 jackals (D:1)
  4 quokkas (D:1)
  4 ball pythons
  5 bats
  2 frilled lizards (D:2)
  3 kobolds (D:1)
  3 rats (D:1)
49 creatures vanquished.

Notes
Turn   | Place    | Note
-------+----------+-------------------------------------------
     0 | D:1      | Grim the Minotaur Berserker began the quest for the Orb.
     0 | D:1      | Reached XP level 1. HP: 19/19 MP: 0/0
   372 | D:1      | Reached skill level 4 in Axes
   376 | D:1      | Reached XP level 2. HP: 14/26 MP: 1/1
   602 | D:1      | Reached skill level 1 in Ranged Weapons
   895 | D:1      | Reached XP level 3. HP: 23/31 MP: 2/2
  1403 | D:2      | Noticed Natasha
  1413 | D:2      | Killed Natasha
  1414 | D:2      | Reached skill level 5 in Axes
  1414 | D:2      | Reached XP level 4. HP: 28/39 MP: 3/3
  1786 | D:2      | Reached ** piety under Trog
  1795 | D:2      | Noticed Natasha
  1802 | D:2      | Killed Natasha
  1811 | D:2      | Noticed Natasha
  1823 | D:2      | Killed Natasha
  1824 | D:2      | Reached XP level 5. HP: 29/45 MP: 4/4
  1909 | D:2      | Noticed Sigmund
  1928 | D:2      | Killed from afar by Sigmund

Illustrated notes

Levels and vault maps discovered:
D:1:      dpeg_arrival_water_fire, layout_loops_corners,
          minmay_misc_feat_plants, st_stairs_2, minmay_misc_feat_cross,
          hangedman_decor_diamond_cutter, nicolae_wormholes
D:2:      layout_rooms, hangedman_decor_lopped, uniq_sigmund, uniq_natasha

Skill      XL: |  1  2  3  4 |
---------------+-------------+-----
Axes           | 4 5 |  5.7
Ranged Weapons | 1 2 3 |  3.4
Fighting       | |  3.6
Armour         | |  2.4
Dodging        | |  2.1

Action                     |  1- 3 |  4- 6 || total
---------------------------+-------+-------++-------
  Melee: Hand axe          |    46 |    20 ||    66
         Headbutt          |     5 |     4 ||     9
   Fire: Sling             |    58 |    33 ||    91
 Invoke: Berserk           |       |     2 ||     2
         Trog's Hand       |       |     1 ||     1
   Stab: Sleeping          |     2 |       ||     2
 Armour: Animal skin       |     7 |     2 ||     9
  Dodge: Dodged            |    37 |     6 ||    43

Table legend: (Time is in decaauts)
 A = Elapsed time spent in this place.
 B = Non-inter-level travel time spent in this place.
 C = Inter-level travel time spent in this place.
 D = Time resting spent in this place.
 E = Time spent auto-exploring this place.
 F = Levels seen in this place.
 G = Mean time per level.
                   A        B        C        D        E       F      G
               +--------+--------+--------+--------+--------+-----+--------+
         Total |   1954 |   1951 |      3 |    243 |   1390 |   2 |  977.0 |
       Dungeon |   1954 |   1951 |      3 |    243 |   1390 |   2 |  977.0 |
               +--------+--------+--------+--------+--------+-----+--------+

Top non-repeatable levels by time:
     D:1: 1368 daAuts
     D:2: 586 daAuts
